 Dungeon Crawl Stone Soup version 0.28-a0-802-g09f76e8c00 (webtiles) character file.

Game seed: 2985921758938683296

5502 vurker the Zephyrmancer (level 10, -5/68 HPs)
             Began as an Octopode Air Elementalist on Nov 6, 2021.
             Was a Follower of Vehumet.
             Shot with an arrow by a centaur warrior (23 damage)
             ... on level 9 of the Dungeon.
             The game lasted 00:14:34 (12652 turns).

vurker the Zephyrmancer (OpAE)                     Turns: 12652, Time: 00:14:35

Health: -5/68      AC:  1    Str:  7    XL:     10   Next: 70%
Magic:  10/22      EV: 13    Int: 22    God:    Vehumet [*.....]
Gold:   397        SH:  5    Dex: 12    Spells: 21/26 levels left

rFire   . . .      SeeInvis .   a - +2 dagger (protect)
rCold   . . .      Faith    .   (no shield)
rNeg    + . .      Spirit   .   (helmet restricted)
rPois   +          Reflect  +   v - amulet of reflection
rElec   .          Harm     .   e - ring of positive energy
rCorr   .          Rampage  .   j - ring of poison resistance
Will    .....                   (no ring)
Stlth   +++.......              (no ring)
HPRegen 0.21/turn               (no ring)
MPRegen 0.18/turn               (no ring)
                                (no ring)
                                (no ring)

@: hasted, studying Evocations, very quick
A: almost no armour, amphibious, 8 rings, camouflage 1, gelatinous body 1,
(nimble swimmer 1), tentacles
a: Renounce Religion


You were on level 9 of the Dungeon.
You worshipped Vehumet.
Vehumet was aware of your devotion.
You visited 2 branches of the dungeon, and saw 10 of its levels.

You collected 423 gold pieces.
You spent 26 gold pieces at shops.

Inventory:

Hand Weapons
 a - a +2 dagger of protection (weapon)
   (You took it off a goblin on level 1 of the Dungeon)
Missiles
 o - a throwing net
Jewellery
 e - a ring of positive energy (left tentacle)
   (You found it on level 2 of the Dungeon)
 j - a ring of poison resistance (right tentacle)
   (You found it on level 3 of the Dungeon)
 v - an amulet of reflection (around mantle)
   (You found it on level 6 of the Dungeon)
Wands
 r - a wand of polymorph (5)
   (You took it off Ijyb on level 5 of the Dungeon)
Scrolls
 b - a scroll of identify
 f - 2 scrolls of teleportation
 h - a scroll of fear
 i - 2 scrolls of fog
 q - a scroll of enchant armour
 t - 2 scrolls of magic mapping
 u - a scroll of amnesia
Potions
 c - 2 potions of heal wounds
 d - 2 potions of brilliance
 g - a potion of resistance
 k - 2 potions of ambrosia
 l - 3 potions of curing
 n - a potion of attraction
 p - a potion of magic
 s - 3 potions of lignification


   Skills:
 + Level 6.1 Fighting
 - Level 2.0 Dodging
 - Level 2.6 Stealth
 * Level 8.6 Spellcasting
 + Level 6.3 Conjurations
 * Level 9.6 Air Magic


You had 21 spell levels left.
You knew the following spells:

 Your Spells              Type           Power      Damage    Failure   Level
a - Shock                 Conj/Air       100%       1d9       1%          1
c - Airstrike             Air            25%        N/A       1%          4

Your spell library contained the following spells:

 Spells                   Type           Power      Damage    Failure   Level
 Magic Dart               Conj           100%       1d8       1%          1
 Static Discharge         Conj/Air       44%        N/A       1%          2
 Swiftness                Air            51%        N/A       1%          3
 Mephitic Cloud           Conj/Pois/Air  33%        N/A       2%          3
 Pain                     Necr           36%        1d5       7%          1
 Ignite Poison            Fire/Tmut/Pois 9%         N/A       22%         3
 Freezing Cloud           Conj/Ice/Air   16%        6-21      22%         5
 Agony                    Necr           9%         N/A       89%         5
 Excruciating Wounds      Necr           4%         N/A       89%         5


Dungeon Overview and Level Annotations

Branches:
Dungeon (9/15)             Temple (1/1) D:4
   Lair: D:8-11         Orc: D:9-12

Altars:
Ashenzari
Cheibriados
Dithmenos
Elyvilon
Fedhas
Gozag
Hepliaklqana
Kikubaaqudgha
Makhleb
Nemelex Xobeh
Okawaru
Qazlal
Ru
Sif Muna
Trog
Vehumet
Wu Jian
Xom
Yredelemnul
Zin
The Shining One

Shops:
D:3 ?   D:8 (*:?[

Annotations:
D:3 Grinder


Innate Abilities, Weirdness & Mutations

You cannot wear most types of armour.
You are amphibious.
You can wear up to eight rings at the same time.
Your skin changes colour to match your surroundings (Stealth+).
Your rubbery body absorbs attacks. (AC +1, EV +1)
((You are camouflaged near water. (Stealth+)))
You have tentacles for arms and can constrict up to eight enemies at once.


Message History

There is an open door here.
There is an escape hatch in the floor here.
You open the door.
Found a glowing golden altar of the Shining One.
There is an open door here.
Found a sacrificial altar of Ru and a shimmering altar of Xom.
Found three altars.
The altar is a mimic!
The altar mimic chuckles and vanishes in a puff of smoke!
There is an open door here.
There is an open door here.
Done exploring.
Done exploring.
Done exploring.
There is an open door here.
There is a stone staircase leading down here.
You climb downwards.
There is a stone staircase leading up here.
Found a stone staircase leading down.
There is a stone staircase leading down here.
An orc comes into view. It is wielding a +0 flail.
Aim: an orc, wielding a +0 flail and wearing a +0 leather armour (asleep, empty space bonus: 2/8)
The air twists around and strikes the orc!
You kill the orc!
Vehumet accepts your kill.
You hear a shout!
You can't see any susceptible monsters within range! (Use Z to cast anyway.)
A centaur warrior comes into view.
The centaur warrior wields a +0 shortbow.
The centaur warrior shoots an arrow.
The arrow hits you!!
Aim: a centaur warrior, wielding a +0 shortbow and quivering arrows (empty space bonus: 2/8)
The air twists around and strikes the centaur warrior!
Aim: a centaur warrior, wielding a +0 shortbow and quivering arrows (lightly wounded, empty space bonus: 6/8)
The air twists around and strikes the centaur warrior!
The centaur warrior shoots an arrow.
The arrow hits you!
* * * LOW HITPOINT WARNING * * *
The centaur warrior shoots an arrow.
The arrow barely misses you.
An orc wizard comes into view. It is wielding a +0 dagger.
An orc wizard comes into view. It is wielding a +0 dagger.
The centaur warrior shoots an arrow.
The arrow hits you!!
* * * LOW HITPOINT WARNING * * *
You feel much better.
You feel yourself speed up.
The centaur warrior shoots an arrow.
The arrow hits you!
* * * LOW HITPOINT WARNING * * *
You hear a shout!
Aim: a centaur warrior, wielding a +0 shortbow and quivering arrows (moderately wounded, 81% to hit)
The zap hits the centaur warrior. x2; The centaur warrior shoots an arrow.
The arrow hits you!!
You die...

#### #...
)#.#...####
oo.c....c>#
.#.#...##.# #...
#.# #... #@# ####
#.# #.#
#.###############
#...............#
##############.##
#.# #.# #.#


You could see a centaur warrior.

Vanquished Creatures
  Harold (D:8)
  A hydra (D:7)
  Sigmund (D:5)
  A wyvern (D:7)
  3 yaks
  2 steam dragons (D:8)
  Menkaure (D:3)
  2 orc warriors (D:7)
  An ice beast (D:7)
  A black bear (D:4)
  A sky beast (D:6)
  2 necrophages
  4 ogres
  3 centaurs
  A kobold brigand (D:6)
  3 bullfrogs (D:7)
  A gnoll sergeant (D:5)
  6 scorpions
  3 water moccasin skeletons (D:4)
  7 wights
  2 howler monkeys
  3 centaur zombies
  A jelly (D:7)
  3 orc priests
  2 hounds
  A centaur skeleton (D:5)
  A gnoll shaman (D:4)
  Crazy Yiuf (D:5)
  An iguana (D:6)
  Ijyb (D:5)
  3 orc wizards
  A statue (D:6)
  A howler monkey zombie (D:5)
  7 gnolls
  7 adders
  A shadow imp (D:5)
  A white imp (D:7)
  An adder skeleton (D:4)
  3 worms
  3 dart slugs
  20 orcs
  3 endoplasms
  A giant cockroach (D:5)
  9 goblins
  4 hobgoblins
  14 jackals
  11 kobolds
  2 quokkas (D:5)
  4 ball pythons
  4 bats
  7 frilled lizards
  5 rats
  2 butterflies (D:4)
175 creatures vanquished.

Vanquished Creatures (others)
  An orc wizard (D:5)
  A fungus (D:5)
  5 plants (D:1)
7 creatures vanquished.

Grand Total: 182 creatures vanquished

Notes
Turn   | Place    | Note
-------+----------+-------------------------------------------
     0 | D:1      | vurker the Octopode Air Elementalist began the quest for
                  | the Orb.
     0 | D:1      | Reached XP level 1. HP: 11/11 MP: 3/3
   325 | D:1      | Reached XP level 2. HP: 8/17 MP: 1/5
   959 | D:1      | Found a faded altar of an unknown god.
  1359 | D:2      | Reached XP level 3. HP: 22/22 MP: 0/6
  2380 | D:3      | Found an ornate altar of the Wu Jian Council.
  2460 | D:3      | Noticed Grinder
  2476 | D:3      | Reached skill level 1 in Fighting
  2691 | D:3      | Reached XP level 4. HP: 28/28 MP: 3/8
  2787 | D:3      | Found Qinyavoh's Magic Scroll Boutique.
  2794 | D:3      | Bought a scroll of identify for 26 gold pieces
  2815 | D:3      | Found an opulent altar of Gozag.
  3142 | D:3      | Learned a level 4 spell: Airstrike
  3147 | D:4      | Noticed Menkaure
  3430 | D:4      | Noticed an ogre
  3440 | D:3      | Killed Menkaure
  3441 | D:3      | Reached skill level 4 in Air Magic
  3441 | D:3      | Reached XP level 5. HP: 9/34 MP: 2/10
  3669 | D:4      | Killed an ogre
  3670 | D:4      | Reached XP level 6. HP: 32/39 MP: 5/11
  4057 | D:4      | Reached skill level 5 in Air Magic
  4057 | D:4      | Reached XP level 7. HP: 34/45 MP: 3/13
  4840 | D:4      | Found a staircase to the Ecumenical Temple.
  4859 | Temple   | Entered the Ecumenical Temple
  5565 | D:5      | Entered Level 5 of the Dungeon
  5730 | D:5      | Reached skill level 5 in Spellcasting
  5730 | D:5      | Reached XP level 8. HP: 52/52 MP: 8/15
  5821 | D:5      | Reached skill level 6 in Air Magic
  5942 | D:5      | Noticed Sigmund
  6182 | D:5      | Found a shadowy altar of Dithmenos.
  6185 | D:5      | Noticed Ijyb
  6188 | D:5      | Killed Ijyb
  6567 | D:5      | Killed Sigmund
  6878 | D:5      | Reached skill level 7 in Air Magic
  7073 | D:5      | Found a burning altar of Makhleb.
  7299 | D:5      | Found a broken altar of Ashenzari.
  7307 | D:5      | Reached XP level 9. HP: 57/58 MP: 11/18
  7487 | D:5      | Found a runed translucent door.
  7488 | D:5      | Noticed Crazy Yiuf
  7495 | D:5      | Killed Crazy Yiuf
  8412 | D:6      | Found a radiant altar of Vehumet.
  8443 | D:6      | Became a worshipper of Vehumet
  8966 | D:6      | Reached skill level 5 in Conjurations
  9456 | D:7      | Reached skill level 8 in Air Magic
  9691 | D:7      | Reached skill level 5 in Fighting
  9842 | D:7      | Noticed a five-headed hydra
  9858 | D:7      | Killed a five-headed hydra
  9859 | D:7      | Reached XP level 10. HP: 6/66 MP: 2/21
 10683 | D:7      | Reached * piety under Vehumet
 10683 | D:7      | Offered knowledge of Magic Dart by Vehumet.
 10876 | D:8      | Reached skill level 9 in Air Magic
 11208 | D:8      | Noticed Harold
 11738 | D:8      | Killed Harold
 12019 | D:8      | Found a bloodstained altar of Trog.
 12070 | D:8      | Found Lukhaih's Antique Weapon Shoppe.
 12074 | D:8      | Found Yfuaphuole's Book Shoppe.
 12075 | D:8      | Found Akor's Magic Scroll Shoppe.
 12079 | D:8      | Found Irphial's General Store.
 12115 | D:8      | Found an ancient bone altar of Kikubaaqudgha.
 12202 | D:8      | Found a snail-covered altar of Cheibriados.
 12450 | D:8      | Found Irayl's Antique Armour Boutique.
 12460 | D:8      | Found a glowing golden altar of the Shining One.
 12463 | D:8      | Found a sacrificial altar of Ru.
 12463 | D:8      | Found a shimmering altar of Xom.
 12465 | D:8      | Found a stormy altar of Qazlal.
 12465 | D:8      | Found an ornate altar of the Wu Jian Council.
 12465 | D:8      | Found a glowing silver altar of Zin.
 12643 | D:9      | Noticed a centaur warrior
 12652 | D:9      | Shot with an arrow by a centaur warrior

Illustrated notes

Levels and vault maps discovered:
D:1:      psy_arrival_fountain, layout_loops_ring,
          chequers_ecumenical_altar_simple_redux, minmay_lizard_king
D:2:      layout_loops_cross
D:3:      layout_rooms, mainiacjoe_overflow_alcove_1,
          mainiacjoe_overflow_brackets, serial_shops, nicolae_diamond_shop,
          serial_forest, infiniplex_forest_3_way, infiniplex_forest_zigzag_2,
          infiniplex_forest_corner_1, infiniplex_forest_side_room,
          infiniplex_forest_clump_long, infiniplex_forest_clump_double,
          infiniplex_forest_clump_small, infiniplex_forest_straight_4,
          uniq_grinder
D:4:      layout_loops_ring, minmay_temple_entry_butterflies, moated_statue,
          minmay_manual_mail, uniq_menkaure
D:5:      layout_basic, overflow_temple_1_default,
          mainiacjoe_overflow_boulevard, mainiacjoe_overflow_alcove_2,
          gup_sewer_entry_bowl, uniq_ijyb, uniq_sigmund, uniq_crazy_yiuf_cottage
D:6:      layout_gridville, vehumet_statue
D:7:      layout_cave_pools, minmay_misc_feat_four_crosses
D:8:      layout_rooms, cheibriados_altar_1, lemuel_crystal_altar,
          lightli_temple_of_fire, doesnt_xom_only_xom, enter_bailey_5,
          serial_shops, nicolae_shop_behind_doors, chequers_garden,
          minmay_shop_grid_forest, uniq_harold
D:9:      layout_basic, zombieorc2_lemuel, hangedman_abyss_or_decor_stagger,
          water_maze_lemuel
Temple:   jpeg_temple_alley_garden

Skill      XL: |  1  2  3  4  5  6  7  8  9 10 |
---------------+-------------------------------+-----
Fighting       | 1 2 3 4 5 6 |  6.1
Spellcasting   | 3 4 5 6 7 8 |  8.6
Conjurations   | 2 3 4 5 6 |  6.3
Air Magic      | 4 5 7 8 9 |  9.6
Dodging        | |  2.0
Stealth        | |  2.6

Action                   |  1- 3 |  4- 6 |  7- 9 | 10-12 || total
-------------------------+-------+-------+-------+-------++-------
Melee: Dagger            |    16 |     1 |    19 |       ||    36
       Constrict         |     4 |       |     5 |       ||     9
       Tentacles         |     2 |       |     3 |       ||     5
 Cast: Shock             |    89 |    60 |   163 |    20 ||   332
       Airstrike         |       |       |    76 |    49 ||   125
Evoke: Wand              |       |       |     1 |     2 ||     3
  Use: Scroll            |       |       |    16 |     1 ||    17
       Potion            |       |       |       |     2 ||     2
Armor: Skin              |     3 |     3 |     7 |       ||    13
Dodge: Dodged            |    15 |    26 |    55 |    18 ||   114
Block: Other             |       |       |     4 |    13 ||    17
       Reflection        |       |       |       |     5 ||     5

Table legend: (Time is in decaauts)
 A = Elapsed time spent in this place.
 B = Non-inter-level travel time spent in this place.
 C = Inter-level travel time spent in this place.
 D = Time resting spent in this place.
 E = Time spent auto-exploring this place.
 F = Levels seen in this place.
 G = Mean time per level.
                   A        B        C        D        E       F      G
               +--------+--------+--------+--------+--------+-----+--------+
         Total |  12664 |  12362 |    302 |   2061 |   8942 |  10 | 1266.4 |
       Dungeon |  12464 |  12171 |    293 |   2061 |   8757 |   9 | 1384.9 |
        Temple |    200 |    191 |      9 |      0 |    185 |   1 |  200.0 |
               +--------+--------+--------+--------+--------+-----+--------+

Top non-repeatable levels by time:
     D:7: 2469 daAuts
     D:4: 2052 daAuts
     D:6: 1707 daAuts
     D:5: 1650 daAuts
     D:3: 1328 daAuts
     D:1: 1251 daAuts
     D:2: 1069 daAuts
     D:8: 838 daAuts
  Temple: 200 daAuts
     D:9: 95 daAuts
